 Dungeon Crawl Stone Soup version 0.24-b1-44-g37ad8b309f (webtiles) character file.

Game seed: 11909105516383168321, levelgen mode: deterministic

348 Mrkan the Skirmisher (level 6, -2/40 HPs)
             Began as a Gargoyle Fighter on Oct 24, 2019.
             Was an Initiate of Dithmenos.
             Slain by an ogre
             ... wielding a +0 giant club
              (13 damage)
             ... on level 4 of the Dungeon.
             The game lasted 00:05:27 (2456 turns).

Mrkan the Skirmisher (Gargoyle Fighter)             Turns: 2456, Time: 00:05:28

Health: -2/40      AC: 11    Str: 22    XL:     6   Next: 60%
Magic:  6/6        EV:  7    Int:  8    God:    Dithmenos [......]
Gold:   188        SH: 10    Dex:  9    Spells: 5/5 levels left

rFire    . . .     SeeInvis .   u - +2 whip (elec)
rCold    . . .     Gourm    .   c - +0 shield
rNeg     + . .     Faith    .   b - +0 scale mail
rPois    ∞         Spirit   .   (no helmet)
rElec    +         Reflect  .   (no cloak)
rCorr    .         Harm     .   (no gloves)
MR       .....                  (no boots)
Stlth    ..........             (no amulet)
HPRegen  0.13/turn              (no ring)
MPRegen  0.10/turn              (no ring)

@: no status effects
A: negative energy resistance 1, electricity resistance, unbreathing,
petrification resistance, rot immunity, AC +4
a: Renounce Religion


You were on level 4 of the Dungeon.
You worshipped Dithmenos.
Dithmenos was noncommittal.
You were not hungry.

You visited 1 branch of the dungeon, and saw 4 of its levels.

You collected 188 gold pieces.

Inventory:

Hand Weapons
 a - a +0 flail
 u - a +2 whip of electrocution (weapon)
Missiles
 n - 121 stones (quivered)
 q - 6 javelins
Armour
 b - a +0 scale mail (worn)
 c - a +0 shield (worn)
 g - a cursed +0 chain mail
 l - a +0 pair of boots
Jewellery
 j - an uncursed ring of see invisible {unknown}
 k - an uncursed ring of protection from fire {unknown}
 x - an uncursed amulet of magic regeneration {unknown}
Wands
 w - a wand of polymorph (10)
Scrolls
 m - 2 scrolls of teleportation {unknown}
 p - 2 scrolls of remove curse {unknown}
 t - a scroll of noise {unknown}
 v - 3 scrolls of identify {unknown}
 y - a scroll of fog {unknown}
 A - a scroll of fear {unknown}
Potions
 d - a potion of might
 e - 2 potions of lignification {unknown}
 h - a potion of degeneration {unknown}
 i - a potion of berserk rage {unknown}
 o - a potion of cancellation {unknown}
 r - 2 potions of curing {unknown}
 s - 3 potions of mutation {unknown}
Comestibles
 f - 6 rations
 z - 3 chunks of flesh


   Skills:
 + Level 5.2 Fighting
 + Level 4.1 Maces & Flails
 - Level 3.2 Armour
 + Level 5.2 Shields


You had 5 spell levels left.
You didn't know any spells.
Your spell library was empty.

Dungeon Overview and Level Annotations

Branches:
Dungeon (4/15)
 Temple: D:4-7

Altars:
Dithmenos

Annotations:
D:3 3 runed translucent doors, Mrkan's ghost, amateur DrMo; kalagan's ghost, amateur GrEE


Innate Abilities, Weirdness & Mutations

You are resistant to torment.
Your stone body is resilient. (AC +4)
You are immune to poison.
You resist negative energy. (rN+)
You are resistant to electric shocks. (rElec)
You can survive without breathing.
You are immune to petrification.
You are immune to rotting.


Message History

Your shield and scale mail prevent you from hitting the ogre.
The ogre is lightly wounded.
The ogre hits you with a +0 giant club!!
Ouch! That really hurt!
You whack the ogre!
The ogre is heavily wounded.
The ogre barely misses you.
You hit the ogre but do no damage.
The ogre is heavily wounded.
The ogre hits you with a +0 giant club.
You barely miss the ogre.
The ogre is heavily wounded.
You hit the ogre.
The ogre is severely wounded.
The ogre hits you with a +0 giant club.
* * * LOW HITPOINT WARNING * * *
Your shield and scale mail prevent you from hitting the ogre.
The ogre is severely wounded.
The ogre hits you with a +0 giant club!
You die...

##### ####### ############ ....
....... ...........# ...# #######
##########.######.#.#### #..... #
#.#....O......# #.####
##########.#.#..@.#.##.
'......................#.#
####'#####.#......#.#..#.#
##......##.########.#..#.###.####
.+......+... .......... ......
##.....<#..#### #.#.##.#.# #.####
####'##.#..#....#.#.##.#.# #
####.##.#..#.##.#.#.##...# #
......#+#..#.#...........########


You could see an ogre.

Vanquished Creatures
  Edmund (D:4)
  An orc priest (D:4)
  A worker ant (D:4)
  5 adders
  3 gnolls (D:3)
  3 oozes
  2 worms
  2 dart slugs
  2 leopard geckos (D:2)
  13 orcs (D:4)
  2 bats
  4 giant cockroaches
  3 goblins (D:3)
  8 hobgoblins
  4 jackals (D:3)
  2 ball pythons
  4 frilled lizards
  6 kobolds
  4 rats
70 creatures vanquished.

Notes
Turn   | Place    | Note
-------+----------+-------------------------------------------
     0 | D:1      | Mrkan the Gargoyle Fighter began the quest for the Orb.
     0 | D:1      | Reached XP level 1. HP: 14/14 MP: 1/1
   137 | D:1      | Reached XP level 2. HP: 19/19 MP: 2/2
   579 | D:2      | Found a faded altar of an unknown god.
   727 | D:2      | Reached XP level 3. HP: 24/24 MP: 3/3
  1164 | D:3      | Found a runed translucent gate.
  1185 | D:3      | Found a runed translucent gate.
  1185 | D:3      | Found a runed translucent gate.
  1185 | D:3      | Noticed Mrkan's ghost (amateur DrMo)
  1185 | D:3      | Noticed kalagan's ghost (amateur GrEE)
  1219 | D:3      | HP: 1/24 [gnoll/+0 halberd (5)]
  1220 | D:3      | Reached XP level 4. HP: 1/29 MP: 4/4
  1774 | D:3      | Reached XP level 5. HP: 32/34 MP: 5/5
  2167 | D:4      | Found a shadowy altar of Dithmenos.
  2179 | D:4      | Became a worshipper of Dithmenos the Shadowed
  2205 | D:4      | Noticed Edmund
  2243 | D:4      | Killed Edmund
  2243 | D:4      | Reached skill level 5 in Fighting
  2243 | D:4      | Reached skill level 5 in Shields
  2243 | D:4      | Reached XP level 6. HP: 32/40 MP: 6/6
  2456 | D:4      | Slain by an ogre

Skill      XL: |  1  2  3  4  5  6 |
---------------+-------------------+-----
Fighting       | 4 5 |  5.2
Shields        | 4 5 |  5.2
Maces & Flails | 3 4 |  4.1
Armour         | |  3.2

Action                   |  1- 3 |  4- 6 || total
-------------------------+-------+-------++-------
Melee: Flail             |   111 |       ||   111
       Whip              |       |   159 ||   159
  Eat: Chunk             |     1 |     4 ||     5
Armor: Scale mail        |    48 |    62 ||   110
Dodge: Dodged            |    53 |    34 ||    87
Block: Shield            |    51 |    56 ||   107
